 Dungeon Crawl Stone Soup version 0.29.1 (webtiles) character file.

Game seed: 2369833943548032892

70 masschaos23 the Trooper (level 4, 0/40 HPs)
             Began as a Hill Orc Fighter on Sept 14, 2022.
             Slain by Terence
             ... wielding a +2 vorpal flail
              (12 damage)
             ... on level 3 of the Dungeon.
             The game lasted 00:01:47 (2152 turns).

masschaos23 the Trooper (Hill Orc Fighter)          Turns: 2152, Time: 00:01:47

Health: 0/40       AC:  7    Str: 20    XL:     4   Next: 22%
Magic:  4/4        EV:  9    Int:  8    God:
Gold:   181        SH:  4    Dex: 10    Spells: 3/3 levels left

rFire   . . .      SeeInvis .   a - +0 war axe
rCold   . . .      Faith    .   c - +0 buckler
rNeg    . . .      Spirit   .   b - +0 scale mail
rPois   .          Reflect  .   (no helmet)
rElec   .          Harm     .   (no cloak)
rCorr   .          Rampage  .   (no gloves)
Will    .....                   (no boots)
Stlth   ..........              (no amulet)
HPRegen 0.13/turn               (no ring)
MPRegen 0.09/turn               (no ring)

@: no status effects
A: no striking features
a: no special abilities


You were on level 3 of the Dungeon.
You visited 1 branch of the dungeon, and saw 3 of its levels.

You collected 181 gold pieces.

Inventory:

Hand Weapons
 a - a +0 war axe (weapon)
Armour
 b - a +0 scale mail (worn)
 c - a +0 buckler (worn)
Scrolls
 e - a scroll of fear {unknown}
 f - a scroll of teleportation {unknown}
 g - a scroll of enchant weapon {unknown}
 h - a scroll of butterflies {unknown}
 j - a scroll of immolation {unknown}
 l - a scroll of magic mapping {unknown}
 m - a scroll of vulnerability {unknown}
 n - 2 scrolls of identify {unknown}
Potions
 d - 4 potions of might
 i - a potion of mutation {unknown}
 k - 2 potions of curing {unknown}
 o - a potion of attraction {unknown}


   Skills:
 + Level 4.0 Fighting
 + Level 4.0 Axes
 + Level 3.9 Armour
 - Level 0.4 Dodging
 - Level 0.1 Stealth
 + Level 3.7 Shields


You had 3 spell levels left.
You didn't know any spells.
Your spell library contained the following spells:

 Spells                   Type           Power      Damage    Failure   Level
 Dazzling Flash           Conj/Hex       0%         N/A       99%         3
 Agony                    Necr           0%         N/A       100%        5
 Silence                  Hex/Air        0%         N/A       100%        5


Dungeon Overview and Level Annotations

Branches:
Dungeon (3/15)

Altars:

Annotations:
D:3 Terence


Message History

You block Terence's attack.
Terence hits you with a +2 vorpal flail.
Terence is nearby!
You barely miss Terence.
Terence is moderately wounded.
Terence hits you with a +2 vorpal flail.
Terence is nearby!
You barely miss Terence.
Terence is moderately wounded.
You block Terence's attack.
Terence is nearby!
You slash Terence!
Terence is severely wounded.
Terence barely misses you.
Terence is nearby!
You completely miss Terence.
Terence is severely wounded.
Terence hits you with a +2 vorpal flail.
You block Terence's attack.
Terence is nearby!
You barely miss Terence.
Terence is severely wounded.
Terence hits you with a +2 vorpal flail!
Terence is nearby!
You are too injured to fight recklessly!
Terence is nearby!
You are too injured to fight recklessly!
Terence is nearby!
You are too injured to fight recklessly!
Terence is nearby!
You are too injured to fight recklessly!
Terence is nearby!
You hit Terence but do no damage.
Terence is severely wounded.
Terence hits you with a +2 vorpal flail.
* * * LOW HITPOINT WARNING * * *
You closely miss Terence.
Terence is severely wounded.
Terence hits you with a +2 vorpal flail!
You die...

#.# #.# ## ###
#.# ..
##8###8### #.#
..
##........###.#
..
#8............#
#........###.#
#...##8### #.#
#..@#### #.#
#⌠..@⌠# #.#
##...## #.#
#...# #.# ....#
..# .....8
......#
#8###8##


You could see Terence.

Vanquished Creatures
  An adder (D:2)
  2 dart slugs
  6 bats (D:1)
  4 endoplasms
  4 giant cockroaches
  5 goblins
  7 hobgoblins
  2 jackals (D:2)
  4 kobolds (D:1)
  3 quokkas (D:1)
  6 ball pythons (D:1)
  2 frilled lizards (D:1)
  5 rats
51 creatures vanquished.

Vanquished Creatures (others)
  4 plants (D:1)
  A withered plant (D:1)
5 creatures vanquished.

Grand Total: 56 creatures vanquished

Notes
Turn   | Place    | Note
-------+----------+-------------------------------------------
     0 | D:1      | masschaos23 the Hill Orc Fighter began the quest for the
                  | Orb.
     0 | D:1      | Reached XP level 1. HP: 19/19 MP: 1/1
   238 | D:1      | Found a faded altar of an unknown god.
   363 | D:1      | Reached XP level 2. HP: 17/27 MP: 2/2
   777 | D:1      | Reached XP level 3. HP: 28/33 MP: 3/3
  1643 | D:2      | Reached XP level 4. HP: 39/40 MP: 4/4
  2140 | D:3      | Noticed Terence
  2152 | D:3      | Slain by Terence

Illustrated notes

Levels and vault maps discovered:
D:1:      dpeg_cavernosity, layout_basic, shapermc_ecumenical_altar_flowoftime,
          grunt_decor_resistance, minmay_quantized
D:2:      layout_basic
D:3:      layout_loops_ring, minmay_liquid_box, corexii_hall_statues_s,
          minmay_close_crescents, uniq_terence

Skill      XL: |  1  2  3  4 |
---------------+-------------+-----
Fighting       | 4 |  4.0
Axes           | 3 4 |  4.0
Armour         | |  3.9
Dodging        | |  0.4
Stealth        | |  0.1
Shields        | |  3.7

Action                   |  1- 3 |  4- 6 || total
-------------------------+-------+-------++-------
Melee: War axe           |    96 |    29 ||   125
Armor: Scale mail        |    35 |     8 ||    43
Dodge: Dodged            |    43 |     7 ||    50
Block: Buckler           |    22 |     8 ||    30
